 Dungeon Crawl Stone Soup version 0.25-a0-365-g7600c65aa0 (webtiles) character file.

Game seed: 14587179530381767925, levelgen mode: deterministic

4424 night the Cleaver (level 10, 0/96 HPs)
             Began as a Deep Dwarf Fighter on Jan 5, 2020.
             Was a Follower of Makhleb.
             Slain by a death yak (8 damage)
             ... on level 8 of the Dungeon.
             The game lasted 00:18:09 (6108 turns).

night the Cleaver (Deep Dwarf Fighter)              Turns: 6108, Time: 00:18:09

Health: 0/96       AC: 13    Str: 27    XL:     10   Next: 14%
Magic:  8/8        EV:  4    Int: 10    God:    Makhleb [*.....]
Gold:   242        SH: 10    Dex: 15    Spells: 9/9 levels left

rFire    . . .     SeeInvis .   A - +2 hand axe (elec)
rCold    . . .     Gourm    .   c - +0 shield
rNeg     . . .     Faith    .   x - +0 plate armour
rPois    .         Spirit   .   (no helmet)
rElec    .         Reflect  .   (no cloak)
rCorr    .         Harm     .   K - +0 pair of gloves
MR       +....                  o - +0 pair of boots
Stlth    ..........             w - amulet of the acrobat
HPRegen  0.00/turn              r - +3 ring of dexterity
MPRegen  0.11/turn              O - +5 ring of strength

@: non-regenerating
A: damage resistance, heal wounds, sense surroundings 2, no regeneration
a: Heal Wounds, Renounce Religion


You were on level 8 of the Dungeon.
You worshipped Makhleb.
Makhleb was aware of your devotion.
You were hungry.

You visited 1 branch of the dungeon, and saw 8 of its levels.

You collected 242 gold pieces.

Inventory:

Hand Weapons
 a - a +0 war axe
 A - a +2 hand axe of electrocution (weapon)
Missiles
 h - 10 javelins
 j - 7 silver javelins
 t - 8 curare-tipped darts
 u - 17 poisoned darts (quivered)
Armour
 c - a +0 shield (worn)
 o - a +0 pair of boots (worn)
 x - a +0 plate armour (worn)
 B - a +3 ring mail of fire resistance
 K - a +0 pair of gloves (worn)
Jewellery
 r - a +3 ring of dexterity (left hand)
 w - an amulet of the acrobat (around neck)
 O - a +5 ring of strength (right hand)
Wands
 l - a wand of acid (5)
 p - a wand of random effects (44)
 D - a wand of digging (7)
 H - a wand of enslavement (8)
Scrolls
 e - a scroll of blinking {unknown}
 k - a scroll of enchant weapon {unknown}
 m - a scroll of vulnerability {unknown}
 n - 4 scrolls of remove curse
 s - 2 scrolls of magic mapping {unknown}
 v - 3 scrolls of teleportation {unknown}
 y - a scroll of enchant armour {unknown}
 G - a scroll of immolation {unknown}
 M - 2 scrolls of identify
Potions
 d - a potion of might
 g - 5 potions of curing
 i - a potion of brilliance {unknown}
 q - 3 potions of haste
 C - a potion of invisibility {unknown}
 E - a potion of flight {unknown}
 F - a potion of lignification {unknown}
 I - a potion of mutation {unknown}
 J - a potion of magic {unknown}
 N - a potion of ambrosia {unknown}
Comestibles
 b - 2 chunks of flesh
 f - 12 rations


   Skills:
 + Level 8.1 Fighting
 * Level 12.6 Axes
 - Level 3.2 Armour
 - Level 3.2 Shields
 + Level 4.8 Invocations


You had 9 spell levels left.
You didn't know any spells.
Your spell library contained the following spells:

 Spells                   Type           Power        Failure   Level  Hunger
 Animate Skeleton         Necr           N/A          100%        1    ##.....
 Pain                     Necr           #...         100%        1    ##.....
 Corpse Rot               Necr/Air       N/A          100%        2    ###....
 Sticks to Snakes         Tmut           #.......     100%        2    ###....
 Static Discharge         Conj/Air       #.......     100%        3    ####...
 Vampiric Draining        Necr           #.........   100%        3    ####...
 Animate Dead             Necr           N/A          100%        4    #####..
 Agony                    Necr           #.......     100%        5    ######.
 Lightning Bolt           Conj/Air       #.........   100%        5    ######.
 Deflect Missiles         Chrm/Air       #.........   100%        6    #######


Dungeon Overview and Level Annotations

Branches:
Dungeon (8/15)             Temple (0/1) D:7
   Lair: D:8-11

Altars:
Ashenzari
Gozag
Kikubaaqudgha
Makhleb
Sif Muna
Trog
Vehumet
Wu Jian

Shops:
D:5 *   D:7 [


Innate Abilities, Weirdness & Mutations

You are resistant to damage.
You can heal yourself by infusing magical energy.
You passively map the area around you.
You do not regenerate.


Message History

You hit the death yak but do no damage.
The death yak is lightly wounded.
You hit the death yak.
Lightning courses through the death yak!!
You block the death yak's attack.
You hit the death yak but do no damage.
The death yak is lightly wounded.
You hit the death yak but do no damage.
Lightning courses through the death yak!
You are feeling hungry.
The death yak gores you!
* * * LOW HITPOINT WARNING * * *
You block the death yak's attack.
A rat comes into view.
You slash the death yak!
The death yak is moderately wounded.
You hit the death yak.
Lightning courses through the death yak!
The death yak gores you!
You die...

** ,#.........#
*, , *
#..<......#
#.........# ,,
* * ,
##.......## , ,
, #.........# ,
, *** ***
#.........#
*,,, , , *
#......)..# , ,
, #.........# *
, ,, , * , *
#.......@.# ,
,, , ,
*#.....YY## ,
.......)r....#
,* , , ,
.###.##........
* , , ,,* *
*,,...
.....##.# , ,,
* *##. ###.## ,
,* . .# * , * ,
## ,.. , , , ,*
* , ..# * , * *


You could see 2 death yaks and a rat.

Vanquished Creatures
  Harold (D:7)
  A death yak (D:8)
  Grinder (D:6)
  Sigmund (D:5)
  Menkaure (D:6)
  Duvessa (D:5)
  2 orc warriors (D:7)
  A sky beast (D:6)
  A phantom (D:4)
  A centaur (D:5)
  6 ogres
  Blork the orc (D:6)
  A bullfrog (D:7)
  Dowan (D:5)
  A wyvern zombie (D:7)
  4 wights (D:6)
  A howler monkey (D:6)
  3 crimson imps
  4 orc priests
  A bullfrog zombie (D:8)
  3 hounds
  A quasit (D:6)
  A centaur skeleton (D:5)
  Ijyb (D:3)
  Terence (D:3)
  An iguana (D:7)
  8 orc wizards
  7 worker ants
  A hound skeleton (D:7)
  6 gnolls
  8 adders
  A howler monkey skeleton (D:5)
  A shadow imp (D:7)
  4 oozes
  An adder zombie (D:5)
  4 worms
  A dart slug (D:2)
  3 leopard geckos
  36 orcs
  8 giant cockroaches
  5 goblins
  A hobgoblin (D:1)
  A quokka (D:2)
  A ball python (D:5)
  9 bats
  2 frilled lizards
  2 jackal skeletons (D:4)
  A jackal zombie (D:5)
  4 kobolds
  10 rats
  4 plants (D:7)
171 creatures vanquished.

Notes
Turn   | Place    | Note
-------+----------+-------------------------------------------
     0 | D:1      | night the Deep Dwarf Fighter began the quest for the Orb.
     0 | D:1      | Reached XP level 1. HP: 20/20 MP: 1/1
   124 | D:1      | Reached XP level 2. HP: 27/27 MP: 2/2
   162 | D:1      | Reached skill level 3 in Axes
   830 | D:2      | Reached XP level 3. HP: 34/34 MP: 3/3
   981 | D:2      | Found a shattered altar of Ashenzari.
   987 | D:2      | Saw a vision of the Shoals and the Spider Nest.
   987 | D:2      | Noticed a sea snake
   987 | D:2      | Noticed a sea snake
   987 | D:2      | Noticed a hippogriff
   987 | D:2      | Noticed a merfolk siren
   987 | D:2      | Noticed a merfolk siren
   987 | D:2      | Noticed a merfolk siren
   989 | D:2      | Noticed a wolf spider
  1336 | D:3      | Reached skill level 4 in Axes
  1343 | D:3      | Reached XP level 4. HP: 32/42 MP: 4/4
  1828 | D:3      | Noticed Terence
  1843 | D:3      | Killed Terence
  1856 | D:3      | Reached XP level 5. HP: 22/50 MP: 5/5
  2054 | D:3      | Noticed Ijyb
  2081 | D:3      | Killed Ijyb
  2081 | D:3      | Reached skill level 5 in Axes
  2095 | D:3      | Found an opulent altar of Gozag.
  2477 | D:4      | Noticed a phantom
  2522 | D:4      | Killed a phantom
  2522 | D:4      | Reached skill level 6 in Axes
  2522 | D:4      | Reached XP level 6. HP: 17/57 MP: 6/6
  2535 | D:4      | Found an opulent altar of Gozag.
  3156 | D:5      | Entered Level 5 of the Dungeon
  3156 | D:5      | Noticed Sigmund
  3379 | D:5      | Found a bloodstained altar of Trog.
  3392 | D:5      | Noticed Dowan
  3392 | D:5      | Noticed Duvessa
  3407 | D:5      | Killed Duvessa
  3407 | D:5      | Reached skill level 7 in Axes
  3407 | D:5      | Reached XP level 7. HP: 38/66 MP: 6/6
  3424 | D:5      | Killed Dowan
  3507 | D:5      | Reached skill level 5 in Fighting
  3585 | D:5      | Reached skill level 8 in Axes
  3595 | D:5      | Killed Sigmund
  3708 | D:5      | Found an ancient bone altar of Kikubaaqudgha.
  3726 | D:5      | Found Fakk's Assorted Antiques.
  3734 | D:5      | Reached XP level 8. HP: 20/75 MP: 7/7
  4117 | D:6      | Noticed Grinder
  4131 | D:6      | Killed Grinder
  4131 | D:6      | Reached skill level 9 in Axes
  4156 | D:6      | Noticed Menkaure
  4163 | D:6      | Killed Menkaure
  4462 | D:6      | Reached skill level 10 in Axes
  4468 | D:6      | Noticed Blork the orc
  4482 | D:6      | Killed Blork the orc
  4705 | D:6      | Gained mutation: You passively map the area around you.
                  | [Deep Dwarf growth]
  4705 | D:6      | Reached XP level 9. HP: 50/85 MP: 6/6
  5101 | D:6      | Found a radiant altar of Vehumet.
  5101 | D:6      | Found a burning altar of Makhleb.
  5108 | D:6      | Became a worshipper of Makhleb the Destroyer
  5266 | D:7      | Reached skill level 11 in Axes
  5283 | D:7      | Found a shimmering blue altar of Sif Muna.
  5442 | D:7      | Found Opseab's Antique Armour Shoppe.
  5471 | D:7      | Reached skill level 1 in Invocations
  5544 | D:7      | Found a staircase to the Ecumenical Temple.
  5574 | D:7      | HP: 3/86 [iguana (8)]
  5741 | D:7      | Found an ornate altar of the Wu Jian Council.
  5793 | D:7      | Reached * piety under Makhleb
  5902 | D:7      | Noticed Harold
  5917 | D:7      | Killed Harold
  5917 | D:7      | Reached skill level 12 in Axes
  6055 | D:8      | Identified the Tome of Transmutation and Flight
  6081 | D:8      | Noticed a death yak
  6094 | D:8      | Noticed a death yak
  6098 | D:8      | Noticed a death yak
  6101 | D:8      | Killed a death yak
  6101 | D:8      | Reached XP level 10. HP: 11/96 MP: 9/9
  6108 | D:8      | Slain by a death yak

Levels and vault maps discovered:
D:1:      evilmike_arrival_crescent, layout_basic
D:2:      cheibrodos_helix_gallery, layout_rooms, grunt_ashenzari_visionary
          [grunt_ashenzari_visionary_shoals, grunt_ashenzari_visionary_spider]
D:3:      layout_loops_ring, lemuel_round_altar, first_ration, uniq_ijyb,
          uniq_terence
D:4:      layout_gridville, grunt_ministairs_15,
          nicolae_gozag_cash_rules_everything_around_me
D:5:      minmay_inner_zag, layout_gridville, kiku_gazebo_garden_becter,
          lemuel_doored_altar, serial_shops, nicolae_shop_stone, uniq_duvessa,
          uniq_sigmund
D:6:      layout_loops_corners, grunt_temple_overflow_lords_of_destruction,
          hangedman_decor_points, minmay_holes, chequers_jeans, uniq_menkaure,
          uniq_blork_the_orc, uniq_grinder
D:7:      kennysheep_orc_sif_temple, layout_basic, kennysheep_mini_moat,
          minmay_temple_entry_offerings, serial_shops,
          nicolae_shop_overgrown_old_shop, uniq_harold
D:8:      layout_rooms, dpeg_lair_monsters, chequers_serial_rivers_marsh,
          uniq_pikel

Skill      XL: |  1  2  3  4  5  6  7  8  9 |
---------------+----------------------------+-----
Fighting       | 3 4 5 6 8 |  8.1
Axes           | 3 4 6 7 8 10 12 | 12.6
Invocations    | 4 |  4.8
Armour         | |  3.2
Shields        | |  3.2

Action                   |  1- 3 |  4- 6 |  7- 9 | 10-12 || total
-------------------------+-------+-------+-------+-------++-------
Melee: War axe           |    99 |   212 |     5 |       ||   316
       Hand axe          |       |     3 |   292 |     5 ||   300
Throw: Dart              |       |     4 |    23 |       ||    27
 Abil: Heal Wounds       |       |     3 |    11 |     1 ||    15
  Use: Scroll            |       |       |     4 |       ||     4
  Eat: Chunk             |     1 |     8 |     8 |       ||    17
Armor: Scale mail        |    41 |    97 |       |       ||   138
       Ring mail         |       |       |    47 |       ||    47
       Plate armour      |       |       |    28 |     2 ||    30
Dodge: Dodged            |    31 |    56 |    47 |       ||   134
Block: Shield            |    42 |   115 |    96 |     2 ||   255

Table legend:
 A = Non-vault XP
 B = Vault XP
 C = Vault XP percentage of total XP
 D = Non-vault monster count
 E = Vault monster count
 F = Vault count percentage of total count
                 A         B        C        D         E       F
            +---------+---------+-------+---------+---------+-------
      Total |    2948 |    3372 |  53.4 |     146 |      21 |  12.6
            +---------+---------+-------+---------+---------+-------
        D:1 |      40 |       0 |   0.0 |      16 |       0 |   0.0
        D:2 |      21 |       4 |  16.0 |      12 |       1 |   7.7
        D:3 |     120 |      72 |  37.5 |      29 |       2 |   6.5
        D:4 |     199 |     128 |  39.1 |      17 |       2 |  10.5
        D:5 |     574 |     476 |  45.3 |      21 |       6 |  22.2
        D:6 |     849 |     554 |  39.5 |      19 |       4 |  17.4
        D:7 |     927 |    1258 |  57.6 |      24 |       5 |  17.2
        D:8 |     218 |     880 |  80.1 |       8 |       1 |  11.1
            +---------+---------+-------+---------+---------+-------
